HSSL
MASCONOMET HS CHIEFTANS @ BISHOP VEROT HS
05/10/2026
 
TOP OF THE 1ST
Masconomet HS Chieftans batting - Pitching for Bishop Verot HS : RHP Tim Bennett
Pitching: RHP Tim Bennett
Batting: RHB Frank Music 0-0: Ground out 6-3 (Groundball, 6)
Batting: RHB Tyler Robinson 0-0: Ball
1-0: Foul Ball, location: 2F
1-1: Called Strike
1-2: Ground out 5-3 (Groundball, 5S)
Batting: RHB Lee Justice 0-0: Ball
1-0: Ball
2-0: Ball
3-0: Called Strike
3-1: SINGLE (Groundball, 56D)
Batting: LHB David Hebert 0-0: Ball
Lee Justice steals 2nd base
1-0: Foul Ball, location: 2F
1-1: Ball
2-1: Ball
3-1: Base on Balls
Batting: LHB José Gallardo 0-0: Ball
1-0: Ground out 3-1 (Groundball, 34)
Top of the 1st over - 0 run(s), 1 hit(s), 0 error(s), 2 left on base; Masconomet HS 0 - Bishop Verot HS 0
BOTTOM OF THE 1ST
Bishop Verot HS batting - Pitching for Masconomet HS Chieftans : RHP David Wilson
Pitching: RHP David Wilson
Batting: LHB Jim Hall 0-0: SINGLE (Groundball, 34D)
Batting: RHB Chris Seals 0-0: Ball
Jim Hall steals 2nd base
1-0: Fly out, F7 (Flyball, 78S)
Batting: LHB Mitch Morales 0-0: Foul Ball, location: 2F
0-1: Ball
1-1: Ball
2-1: Ground out 4-3 (Groundball, 34)
Jim Hall to third
Batting: RHB Bob Fitzgerald 0-0: Ball
1-0: Ball
2-0: Fly out, F8 (Flyball, 8LM)
Bottom of the 1st over - 0 run(s), 1 hit(s), 0 error(s), 1 left on base; Masconomet HS 0 - Bishop Verot HS 0
TOP OF THE 2ND
Masconomet HS Chieftans batting - Pitching for Bishop Verot HS : RHP Tim Bennett
Batting: RHB Ryan Beck 0-0: Ball
1-0: Foul Ball, location: 2F
1-1: SINGLE (Groundball, 5)
Batting: RHB António Rojas 0-0: Ball
Ryan Beck is caught stealing 2nd base
1-0: Ball
2-0: SINGLE (Line Drive, 34)
Batting: SHB Jim Orr 0-0: Called Strike
0-1: Ball
1-1: Ball
2-1: Swinging Strike
2-2: Ball
Wild Pitch!
António Rojas to second
3-2: Base on Balls
Batting: RHB Jack Bowman 0-0: Ball
1-0: Ball
2-0: Ball
3-0: Base on Balls
António Rojas to third
Jim Orr to second
Batting: RHB Frank Music 0-0: Swinging Strike
0-1: Ball
1-1: Foul Ball, location: 2F
1-2: Strikes out looking
Batting: RHB Tyler Robinson 0-0: Fly out, F8 (Flyball, 8RS)
Top of the 2nd over - 0 run(s), 2 hit(s), 0 error(s), 3 left on base; Masconomet HS 0 - Bishop Verot HS 0
BOTTOM OF THE 2ND
Bishop Verot HS batting - Pitching for Masconomet HS Chieftans : RHP David Wilson
Batting: RHB Bill Ford 0-0: Ball
1-0: Swinging Strike
1-1: Called Strike
1-2: Ball
2-2: Strikes out swinging
Batting: RHB Stuart Mitchell 0-0: Ball
1-0: Called Strike
1-1: Foul Ball, location: 2F
1-2: Strikes out swinging
Batting: RHB Brian Bailey 0-0: Fly out, F4 (Popup, 3D)
Bottom of the 2nd over - 0 run(s), 0 hit(s), 0 error(s), 0 left on base; Masconomet HS 0 - Bishop Verot HS 0
TOP OF THE 3RD
Masconomet HS Chieftans batting - Pitching for Bishop Verot HS : RHP Tim Bennett
Batting: RHB Lee Justice 0-0: Ball
1-0: Ball
2-0: Reached on error, E5 (Groundball, 5L)
Batting: LHB David Hebert 0-0: Ball
1-0: Ball
2-0: Foul Ball, location: 2F
2-1: Foul Ball, location: 2F
2-2: Fly out, F6 (Popup, 56D)
Batting: LHB José Gallardo 0-0: SINGLE (Groundball, 13) (infield hit)
Lee Justice to second
Batting: RHB Ryan Beck 0-0: Ball
1-0: Fly out, F2 (Popup, 2RF)
Batting: RHB António Rojas 0-0: Ball
1-0: Called Strike
1-1: Ball
2-1: Swinging Strike
2-2: Ground out 5-3 (Groundball, 5S)
Top of the 3rd over - 0 run(s), 1 hit(s), 1 error(s), 2 left on base; Masconomet HS 0 - Bishop Verot HS 0
BOTTOM OF THE 3RD
Bishop Verot HS batting - Pitching for Masconomet HS Chieftans : RHP David Wilson
Batting: RHB George Lutz 0-0: Fly out, F9 (Flyball, 9M)
Batting: RHB Carson Allen 0-0: Ground out 1-3 (Groundball, 15)
Batting: LHB Jim Hall 0-0: Called Strike
0-1: Foul Ball, location: 2F
0-2: Strikes out swinging
Bottom of the 3rd over - 0 run(s), 0 hit(s), 0 error(s), 0 left on base; Masconomet HS 0 - Bishop Verot HS 0
TOP OF THE 4TH
Masconomet HS Chieftans batting - Pitching for Bishop Verot HS : RHP Tim Bennett
Batting: SHB Jim Orr 0-0: Foul Ball, location: 2F
0-1: Swinging Strike
0-2: Foul Ball, location: 2F
0-2: SINGLE (Line Drive, 34D)
Batting: RHB Jack Bowman 0-0: Ball
1-0: Called Strike
1-1: SINGLE (Groundball, 34D)
Jim Orr to second
Batting: RHB Frank Music 0-0: Called Strike
0-1: Ball
1-1: SINGLE (Line Drive, 4MD)
Jim Orr to third
Jack Bowman to second
Batting: RHB Tyler Robinson 0-0: Foul Ball, location: 2F
0-1: Ball
1-1: Ball
2-1: Ball
3-1: Base on Balls
Jim Orr scores
Jack Bowman to third
Frank Music to second
Batting: RHB Lee Justice 0-0: Called Strike
0-1: Ball
1-1: Ball
2-1: Ball
3-1: Foul Ball, location: 2F
3-2: Base on Balls
Jack Bowman scores
Frank Music to third
Tyler Robinson to second
Batting: LHB David Hebert 0-0: Fielders Choice at 2nd, 4-6 (Groundball, 34)
Frank Music scores
Tyler Robinson to third
Batting: LHB José Gallardo 0-0: Foul Ball, location: 2F
0-1: Grounds into double play, U6-3 (Groundball, 6M)
Top of the 4th over - 3 run(s), 3 hit(s), 0 error(s), 1 left on base; Masconomet HS 3 - Bishop Verot HS 0
BOTTOM OF THE 4TH
Bishop Verot HS batting - Pitching for Masconomet HS Chieftans : RHP David Wilson
Batting: RHB Chris Seals 0-0: Ball
1-0: Ball
2-0: Foul Ball, location: 2F
2-1: Foul Ball, location: 2F
2-2: Ball
3-2: Base on Balls
Batting: LHB Mitch Morales 0-0: SINGLE (Groundball, 25) (infield hit)
Chris Seals to second
Batting: RHB Bob Fitzgerald 0-0: Ball
1-0: Foul Ball, location: 2F
1-1: Grounds into double play, 6-4-3 (Groundball, 6M)
Chris Seals to third
Batting: RHB Bill Ford 0-0: Ball
1-0: Ball
2-0: Foul Ball, location: 2F
2-1: Called Strike
2-2: SINGLE (Groundball, 4M)
Chris Seals scores
Batting: RHB Stuart Mitchell 0-0: Ball
1-0: Called Strike
1-1: Ball
2-1: SINGLE (Line Drive, 7S)
Bill Ford to second
Batting: RHB Brian Bailey 0-0: Ball
1-0: DOUBLE (Line Drive, 7LM)
Bill Ford scores
Stuart Mitchell to third
Batting: RHB George Lutz 0-0: Swinging Strike
0-1: Ball
1-1: Fly out, F8 (Flyball, 8RM)
Bottom of the 4th over - 2 run(s), 4 hit(s), 0 error(s), 2 left on base; Masconomet HS 3 - Bishop Verot HS 2
TOP OF THE 5TH
Masconomet HS Chieftans batting - Pitching for Bishop Verot HS : RHP Tim Bennett
Batting: RHB Ryan Beck 0-0: Fly out, F7 (Line Drive, 7LM)
Batting: RHB António Rojas 0-0: Called Strike
0-1: Called Strike
0-2: Foul Ball, location: 2F
0-2: Ball
1-2: Ground out 5-3 (Groundball, 5S)
Batting: SHB Jim Orr 0-0: Ball
1-0: Ball
2-0: Ball
3-0: Base on Balls
Pitching: RHP Nick Taylor
Batting: RHB Jack Bowman Balk!
Jim Orr to second
0-0: SINGLE (Line Drive, 8RS)
Jim Orr to third
Runner from 3rd tries for Home, SAFE, no throw or cutoff
Batting: RHB Frank Music 0-0: SINGLE (Groundball, 4M)
Jack Bowman to second
Runner from 2nd tries for 3rd, OUT after rundown.
Top of the 5th over - 1 run(s), 2 hit(s), 0 error(s), 1 left on base; Masconomet HS 4 - Bishop Verot HS 2
BOTTOM OF THE 5TH
Bishop Verot HS batting - Pitching for Masconomet HS Chieftans : RHP David Wilson
Batting: RHB Carson Allen 0-0: Ball
1-0: Fly out, F7 (Flyball, 78M)
Batting: LHB Jim Hall 0-0: Ball
1-0: Ball
2-0: Called Strike
2-1: Ball
3-1: Fly out, F9 (Flyball, 9M)
Batting: RHB Chris Seals 0-0: Called Strike
0-1: Ground out 5-3 (Groundball, 56)
Bottom of the 5th over - 0 run(s), 0 hit(s), 0 error(s), 0 left on base; Masconomet HS 4 - Bishop Verot HS 2
TOP OF THE 6TH
Masconomet HS Chieftans batting - Pitching for Bishop Verot HS : RHP Nick Taylor
Batting: RHB Tyler Robinson 0-0: Ball
1-0: Ball
2-0: Ball
3-0: Called Strike
3-1: Foul Ball, location: 2F
3-2: Strikes out swinging
Batting: RHB Lee Justice 0-0: Ball
1-0: Ball
2-0: Ball
3-0: Called Strike
3-1: Base on Balls
Batting: LHB David Hebert 0-0: Called Strike
0-1: Ball
1-1: Fly out, F4 (Popup, 4M)
Batting: LHB José Gallardo 0-0: Ground out 4-3 (Groundball, 34)
Top of the 6th over - 0 run(s), 0 hit(s), 0 error(s), 1 left on base; Masconomet HS 4 - Bishop Verot HS 2
BOTTOM OF THE 6TH
Bishop Verot HS batting - Pitching for Masconomet HS Chieftans : RHP David Wilson
Batting: LHB Mitch Morales 0-0: Ball
1-0: Ball
2-0: Ball
3-0: Base on Balls
Batting: RHB Bob Fitzgerald 0-0: Ball
1-0: Swinging Strike
1-1: Foul Ball, location: 2F
1-2: Ball
2-2: Foul Ball, location: 2F
2-2: Ball
3-2: Foul Ball, location: 2F
3-2: Base on Balls
Mitch Morales to second
Batting: RHB Bill Ford 0-0: Called Strike
0-1: Ball
1-1: Grounds into double play, 6-4-3 (Groundball, 56)
Mitch Morales to third
Batting: RHB Stuart Mitchell 0-0: Ball
1-0: Ball
2-0: Called Strike
2-1: Ball
3-1: Base on Balls
Batting: RHB Brian Bailey 0-0: Fly out, F8 (Flyball, 8LM)
Bottom of the 6th over - 0 run(s), 0 hit(s), 0 error(s), 2 left on base; Masconomet HS 4 - Bishop Verot HS 2
TOP OF THE 7TH
Masconomet HS Chieftans batting - Pitching for Bishop Verot HS : RHP Nick Taylor
Batting: RHB Ryan Beck 0-0: Ball
1-0: Ball
2-0: Ball
3-0: Called Strike
3-1: Base on Balls
Batting: RHB António Rojas 0-0: Ball
Ryan Beck steals 2nd base
1-0: Swinging Strike
1-1: Ball
2-1: DOUBLE (Line Drive, 9LD)
Ryan Beck scores
Batting: SHB Jim Orr 0-0: Ball
1-0: Ball
2-0: Ball
3-0: Base on Balls
Pitching: LHP Tony Molina
Batting: RHB Jack Bowman 0-0: Ball
1-0: Fly out, F9 (Flyball, 9S)
Batting: RHB Frank Music 0-0: Hit by Pitch
António Rojas to third
Jim Orr to second
Batting: RHB Tyler Robinson 0-0: Ball
1-0: Swinging Strike
1-1: Swinging Strike
1-2: Strikes out swinging
Batting: RHB Lee Justice 0-0: Ground out 1-3 (Groundball, 13)
Top of the 7th over - 1 run(s), 1 hit(s), 0 error(s), 3 left on base; Masconomet HS 5 - Bishop Verot HS 2
BOTTOM OF THE 7TH
Bishop Verot HS batting - Pitching for Masconomet HS Chieftans : RHP David Wilson
Batting: RHB George Lutz 0-0: Called Strike
0-1: Called Strike
0-2: Strikes out swinging
Pitching: RHP Pat Wright
Batting: RHB Carson Allen 0-0: Ball
1-0: Called Strike
1-1: Foul Ball, location: 2F
1-2: Strikes out swinging
Batting: LHB Jim Hall 0-0: Ball
1-0: Ball
2-0: Foul Ball, location: 2F
2-1: Foul Ball, location: 2F
2-2: Ground out 6-3 (Groundball, 6)
Bottom of the 7th over - 0 run(s), 0 hit(s), 0 error(s), 0 left on base; Masconomet HS 5 - Bishop Verot HS 2
TOP OF THE 8TH
Masconomet HS Chieftans batting - Pitching for Bishop Verot HS : LHP Tony Molina
Batting: LHB David Hebert 0-0: Ball
1-0: Foul Ball, location: 2F
1-1: Ground out 4-3 (Groundball, 4)
Batting: LHB José Gallardo 0-0: Ball
1-0: Called Strike
1-1: Foul Ball, location: 2F
1-2: Strikes out swinging
Batting: RHB Ryan Beck 0-0: Ball
1-0: Swinging Strike
1-1: Ball
2-1: Ball
3-1: Base on Balls
Batting: RHB António Rojas 0-0: Ball
1-0: Called Strike
1-1: Ball
2-1: Called Strike
2-2: Fielders Choice at 2nd, U6 (Groundball, 6M)
Top of the 8th over - 0 run(s), 0 hit(s), 0 error(s), 1 left on base; Masconomet HS 5 - Bishop Verot HS 2
BOTTOM OF THE 8TH
Bishop Verot HS batting - Pitching for Masconomet HS Chieftans : RHP Pat Wright
Batting: RHB Chris Seals 0-0: Ball
1-0: Foul Ball, location: 2F
1-1: Foul Ball, location: 2F
1-2: Foul Ball, location: 2F
1-2: Ball
2-2: SINGLE (Flyball, 78S)
Pitching: RHP Danny Owen
Batting: LHB Mitch Morales 0-0: Ball
1-0: Ball
2-0: Ball
3-0: Called Strike
3-1: DOUBLE (Flyball, 78M)
Chris Seals to third
Batting: RHB Bob Fitzgerald 0-0: Foul Ball, location: 2F
0-1: Ball
1-1: Fly out, F8 (Flyball, 8LM)
Runner from 3rd tags up, SCORES, throw made
Batting: RHB Bill Ford 0-0: 2-RUN HOME RUN (Line Drive, 9LD), Distance : 330 ft
Batting: RHB Stuart Mitchell 0-0: Called Strike
0-1: Foul Ball, location: 2F
0-2: SINGLE (Line Drive, 78S)
Batting: RHB Brian Bailey 0-0: Foul Ball, location: 2F
0-1: Ball
1-1: Ball
2-1: Ball
3-1: Base on Balls
Stuart Mitchell to second
Batting: RHB George Lutz 0-0: Foul Ball, location: 2F
0-1: Swinging Strike
0-2: Foul Ball, location: 2F
0-2: Ball
1-2: Ball
2-2: Strikes out swinging
Batting: RHB Carson Allen 0-0: Ground out 1-3 (Groundball, 23)
Bottom of the 8th over - 3 run(s), 4 hit(s), 0 error(s), 2 left on base; Masconomet HS 5 - Bishop Verot HS 5
TOP OF THE 9TH
Masconomet HS Chieftans batting - Pitching for Bishop Verot HS : LHP Tony Molina
Pitching: LHP Tommy Henderson
Batting: SHB Jim Orr 0-0: Ball
1-0: SINGLE (Flyball, 78M)
Batting: RHB Jack Bowman 0-0: Ball
1-0: Bunted foul
1-1: Reached on error, E1 (Groundball, 15)
Jim Orr to second
Batting: RHB Frank Music 0-0: Sac Bunt - play at first, batter OUT! 3-4
Jim Orr to third
Jack Bowman to second
Batting: RHB Tyler Robinson 0-0: Ball
1-0: Ground out 5-3 (Groundball, 5S)
Batting: RHB Lee Justice 0-0: Called Strike
0-1: Ball
1-1: Ball
2-1: Ball
3-1: Swinging Strike
3-2: Strikes out swinging
Top of the 9th over - 0 run(s), 1 hit(s), 1 error(s), 2 left on base; Masconomet HS 5 - Bishop Verot HS 5
BOTTOM OF THE 9TH
Bishop Verot HS batting - Pitching for Masconomet HS Chieftans : RHP Danny Owen
Batting: LHB Jim Hall 0-0: SINGLE (Groundball, 2R) (infield hit)
Batting: RHB Chris Seals 0-0: Ball
1-0: Reached on error, E1 (Groundball, 13)
Jim Hall to third
Batting: LHB Mitch Morales 0-0: SINGLE (Flyball, 89M)
Jim Hall scores
Monday, December 5th, 2016 - OOTP Baseball 17.12 Build 75